 Dungeon Crawl Stone Soup version 0.30-a0-793-g160f7cfddd (webtiles) character file.

Game seed: 15317766766522151378

20 xian the Chiller (level 2, -9/15 HPs)
             Began as a Deep Elf Ice Elementalist on Feb 20, 2023.
             Killed by nerve-wracking pain
             ... invoked by Jessica
              (12 damage)
             ... on level 2 of the Dungeon.
             The game lasted 00:01:54 (1098 turns).

xian the Chiller (Deep Elf Ice Elementalist)        Turns: 1098, Time: 00:01:55

Health: -9/15      AC:  3    Str:  5    XL:     2   Next: 58%
Magic:  5/8        EV:  9    Int: 19    God:
Gold:   65         SH:  0    Dex: 15    Spells: 7/8 levels left

rFire   . . .      SeeInvis .    g - +0 dagger
rCold   . . .      Faith    .    (no shield)
rNeg    . . .      Spirit   .    a - +0 robe
rPois   .          Reflect  .    (no helmet)
rElec   .          Harm     .    d - +0 cloak
rCorr   .          Rampage  .    (no gloves)
Will    .....                    (no boots)
Stlth   ++                       (no amulet)
HPRegen 0.22/turn                (no ring)
MPRegen 0.11/turn                (no ring)

@: grasped by roots, constricted
A: no striking features
a: no special abilities


You were on level 2 of the Dungeon.
You visited 1 branch of the dungeon, and saw 2 of its levels.

You collected 65 gold pieces.

Inventory:

Hand Weapons
 g - a +0 dagger (weapon)
Armour
 a - a +0 robe (worn)
 d - a +0 cloak (worn)
Magical Staves
 o - a staff of conjuration
Scrolls
 c - a scroll of teleportation {unknown}
 f - a scroll of amnesia {unknown}
 h - a scroll of blinking {unknown}
 i - a scroll of poison {unknown}
 k - a scroll of identify {unknown}
 n - a scroll of noise {unknown}
Potions
 b - 2 potions of magic
 e - 2 potions of attraction {unknown}
 j - 2 potions of curing {unknown}
 l - a potion of mutation {unknown}
 m - a potion of ambrosia {unknown}


   Skills:
 + Level 2.4 Dodging
 + Level 2.5 Stealth
 + Level 0.2 Unarmed Combat
 + Level 3.6 Spellcasting
 + Level 4.8 Ice Magic


You had 7 spell levels left.
You knew the following spells:

 Your Spells              Type           Power      Damage    Failure   Level
a - Freeze                Ice            84%        1d9       1%          1

Your spell library contained the following spells:

 Spells                   Type           Power      Damage    Failure   Level
 Frozen Ramparts          Ice            42%        1d7       6%          3
 Ozocubu's Armour         Ice            21%        N/A       6%          3
 Foxfire                  Conj/Fire      12%        2x1d4     14%         1
 Summon Ice Beast         Ice/Summ       12%        N/A       47%         4
 Fireball                 Conj/Fire      1%         3d3       99%         5
 Starburst                Conj/Fire      1%         6d3       100%        6


Dungeon Overview and Level Annotations

Branches:
Dungeon (2/15)

Altars:

Annotations:
D:2 Jessica, Robin, Terence


Message History

a +0 whip; a scroll labelled XINEOCUCHY; a kobold corpse You freeze the endoplasm.
The endoplasm quivers.
The endoplasm is moderately wounded.
The endoplasm hits you.
You freeze the endoplasm!
You kill the endoplasm!
You can't see any susceptible monsters within range! (Use Z to cast anyway.)
n - a scroll labelled XINEOCUCHY
Things that are here:
a +0 whip; a kobold corpse
There is a stone staircase leading up here.
You now have 65 gold pieces (gained 17).
Magic restored.
You see here a staff of conjuration.
o - a staff of conjuration Jessica and a quokka come into view.
Found a pair of gloves.
Robin shouts!
You hear a shout! x4
Robin roars a battlecry!
Jessica shouts!
You hear a shout!
The quokka bites you.
You freeze the quokka.
You kill the quokka!
A hobgoblin comes into view.
You freeze Jessica.
Jessica is lightly wounded.
Jessica drinks a potion.
Jessica seems to speed up.
Robin zaps a wand.
The roots erupt in riotous growth!
Jessica is unaffected.
The grasping roots grab you! The grasping roots constrict you.
You hear a shout! x4
You freeze Jessica!
Jessica is almost dead.
Jessica hits you with a +0 club. The grasping roots constrict you.
* * * LOW HITPOINT WARNING * * *
Jessica casts a spell at you. Pain shoots through your body!
Ouch! That really hurt!
You die...

#### ..# ####
##########.# #..
#..........####.#
#.####.......##.#####..
#.# #.##..#...........
#.# #<#
#.##..####@#####.#.#
#.# #)####.##..# #@#
#.# #.# #..........#
#.# #.# #.#
#########..# #g. #.#
#.# #..# #w## #.# #.#
#..# #.#### ##.###.####
#g[..###...##gg... #
#.##.#..g..rg....w
########
##.##.#.#...#######


You could see a worm, Robin, Jessica (fast) and a hobgoblin (strong).

Vanquished Creatures
  3 endoplasms
  3 goblins (D:1)
  A hobgoblin (D:1)
  5 kobolds
  A quokka (D:2)
  A ball python (D:1)
  3 rats (D:1)
17 creatures vanquished.

Notes
Turn   | Place    | Note
-------+----------+-------------------------------------------
     0 | D:1      | xian the Deep Elf Ice Elementalist began the quest for the
                  | Orb.
     0 | D:1      | Reached XP level 1. HP: 10/10 MP: 6/6
   324 | D:1      | Reached XP level 2. HP: 14/15 MP: 6/8
   979 | D:2      | Noticed Terence
   980 | D:2      | Noticed Robin
  1092 | D:2      | Noticed Jessica
  1098 | D:2      | Killed from afar by Jessica

Illustrated notes

Levels and vault maps discovered:
D:1:      minmay_arrival_cross, layout_basic, minmay_misc_feat_x
D:2:      layout_loops_ring, uniq_jessica, uniq_terence, uniq_robin

Action                     || total
---------------------------++-------
  Melee: Dagger            ||    14
         Unarmed           ||     2
   Cast: Freeze            ||    23
 Armour: Robe              ||     8
  Dodge: Dodged            ||    18

Table legend: (Time is in decaauts)
 A = Elapsed time spent in this place.
 B = Non-inter-level travel time spent in this place.
 C = Inter-level travel time spent in this place.
 D = Time resting spent in this place.
 E = Time spent auto-exploring this place.
 F = Levels seen in this place.
 G = Mean time per level.
                   A        B        C        D        E       F      G
               +--------+--------+--------+--------+--------+-----+--------+
         Total |   1096 |   1058 |     38 |     28 |    834 |   2 |  548.0 |
       Dungeon |   1096 |   1058 |     38 |     28 |    834 |   2 |  548.0 |
               +--------+--------+--------+--------+--------+-----+--------+

Top non-repeatable levels by time:
     D:1: 933 daAuts
     D:2: 163 daAuts
